Map: Triton LE

Players

Clem - Winner!

  • Race: Terran Terran
  • League: Master
  • Spawn Location: 5:00

Zanster

  • Race: Zerg Zerg
  • Spawn Location: 11:00

Event: HomeStory Cup XX

VOD

Have the link to the VOD?

Description

Time

  • Played on: Nov. 22, 2019, 5:06 a.m.
  • Length: 7:42

All games in this series

Show
View Real Time Build Order
Export as new Build Order

Clem Terran - Winner!

Build Orders: Liberator Opening, Reaper Expand 

Get SALT Encoding   

  12  0:00  SCV  
  13  0:12  SCV  
  14  0:17  Supply Depot  
  14  0:25  SCV  
  15  0:38  SCV  
  15  0:39  Barracks  
  16  0:44  Refinery  
  16  0:50  SCV  
  17  1:02  SCV  
  18  1:14  SCV  
  19  1:28  Orbital Command, Reaper  
  20  1:37  Command Center  
  20  1:48  Supply Depot  
  20  1:53  SCV  
  21  2:00  Marine  
  22  2:06  SCV  
  23  2:08  Factory  
  23  2:12  Refinery  
  23  2:18  SCV  
  24  2:23  Barracks Reactor  
  24  2:30  SCV  
  25  2:42  SCV  
  26  2:50  Orbital Command  
  26  2:52  Starport  
  26  2:54  SCV  
  27  3:02  Hellion x2  
  31  3:06  SCV  
  31  3:10  Barracks Tech Lab  
  32  3:14  Liberator, Supply Depot  
  32  3:17  SCV  
  32  3:18  SCV  
  34  3:24  Hellion x2  
  38  3:29  SCV  
  38  3:33  Marine  
  43  3:34  SCV  
  43  3:38  Supply Depot  
  44  3:41  SCV  
  44  3:45  Hellion x2  
  44  3:46  SCV  
  50  3:53  SCV  
  51  3:58  Stimpack  
  51  4:00  SCV  
  52  4:04  Command Center  
  52  4:08  SCV  
  53  4:11  Supply Depot  
  53  4:12  SCV  
  53  4:16  Marine, Starport Reactor  
  55  4:20  SCV  
  55  4:21  Factory Tech Lab  
  55  4:23  Barracks  
  56  4:27  Barracks  
  56  4:30  SCV  
  57  4:34  Marine, SCV  
  59  4:42  Engineering Bay  
  59  4:43  Engineering Bay, SCV  
  60  4:48  Siege Tank, SCV  
  60  4:52  Marine  
  64  4:55  SCV  
  64  4:59  Supply Depot  
  65  5:00  Refinery x2  
  65  5:01  SCV  
  66  5:08  SCV  
  66  5:09  Marine  
  66  5:13  Terran Infantry Weapons Level 1, SCV  
  69  5:14  Terran Infantry Armor Level 1  
  69  5:15  Starport Reactor  
  69  5:17  Marine  
  69  5:18  Marine  
  72  5:21  SCV  
  72  5:22  Orbital Command  
  72  5:27  Marine x3  
  72  5:28  Siege Tank  
  75  5:31  SCV  
  76  5:35  Marine x2  
  76  5:37  SCV  
  79  5:43  SCV  
  79  5:44  Barracks  
  79  5:45  Combat Shield  
  79  5:46  Marine x2  
  79  5:47  Orbital Command  
  82  5:51  Armory  
  82  5:54  Barracks  
  82  5:57  Supply Depot  
  82  5:58  SCV  
  82  6:02  SCV  
  84  6:04  Marine x2  
  84  6:06  Medivac x2  
  84  6:07  Marine  
  84  6:10  SCV  
  92  6:14  SCV  
  92  6:15  Supply Depot  
  94  6:18  SCV  
  94  6:21  Siege Tank  
  94  6:24  Marine  
  98  6:26  Marine x3  
  98  6:27  Supply Depot  
  101  6:34  Supply Depot  
  101  6:36  Marine  
  101  6:37  SCV x3  
  105  6:42  Marine, Barracks Reactor x2  
  105  6:46  Refinery x2, Factory  
  105  6:49  SCV x3  
  108  6:54  Siege Tank  
  108  6:55  Marine x2  
  108  7:01  SCV x2  
  115  7:03  Marine x2  
  115  7:05  SCV  
  118  7:13  Marine, SCV  
  118  7:14  Marine  
  118  7:15  SCV  
  118  7:17  SCV  
  118  7:19  Supply Depot  
  118  7:20  Supply Depot  
  119  7:23  Marine x3  
  119  7:25  SCV  
  119  7:27  SCV  
  125  7:32  Factory Tech Lab  
Show
View Real Time Build Order
Export as new Build Order

Zanster Zerg 

Build Orders: Hatch First 

Get SALT Encoding   

  12  0:00  Drone  
  13  0:13  Overlord  
  13  0:17  Drone  
  14  0:31  Drone  
  14  0:32  Drone  
  16  0:49  Hatchery  
  15  0:52  Drone  
  15  0:55  Drone  
  17  0:58  Drone  
  18  1:10  Extractor  
  17  1:14  Spawning Pool  
  17  1:17  Drone  
  17  1:20  Drone  
  18  1:29  Drone  
  19  1:40  Drone  
  20  1:51  Drone  
  21  2:01  Queen x2  
  21  2:02  Zergling x4  
  27  2:12  Drone  
  28  2:19  Hatchery  
  27  2:24  Overlord  
  27  2:26  Drone  
  28  2:42  Queen  
  28  2:43  Drone x3  
  33  2:47  Drone  
  33  2:49  Metabolic Boost  
  34  2:54  Overlord  
  34  2:57  Drone  
  35  2:59  Drone  
  36  3:12  Drone  
  37  3:13  Drone x4  
  37  3:17  Queen  
  43  3:20  Overlord  
  43  3:22  Drone  
  44  3:34  Queen  
  44  3:35  Drone  
  44  3:36  Drone x2  
  49  3:43  Drone x2  
  51  3:50  Zergling x4  
  51  3:51  Overlord  
  51  3:53  Drone x5  
  58  4:02  Overlord  
  58  4:03  Overlord  
  58  4:09  Overlord  
  58  4:11  Drone, Baneling Nest  
  58  4:13  Queen  
  58  4:16  Drone x2  
  64  4:23  Spore Crawler  
  64  4:24  Spore Crawler  
  62  4:25  Spore Crawler  
  62  4:28  Zergling x2  
  62  4:30  Zergling x6  
  65  4:35  Drone  
  65  4:36  Drone x4  
  65  4:37  Drone  
  69  4:39  Drone  
  69  4:41  Lair  
  69  4:44  Drone x2  
  70  4:45  Drone  
  70  4:46  Drone x2  
  73  4:57  Drone x3  
  73  4:59  Drone  
  72  5:00  Drone x4, Overlord  
  72  5:02  Drone  
  77  5:10  Drone  
  77  5:11  Drone  
  77  5:13  Drone, Evolution Chamber  
  79  5:14  Extractor  
  79  5:15  Extractor, Evolution Chamber  
  74  5:26  Drone x3  
  74  5:27  Drone  
  78  5:31  Zergling x6  
  78  5:33  Zergling x6  
  84  5:36  Extractor  
  84  5:39  Hatchery  
  84  5:42  Drone x3  
  85  5:47  Drone x4  
  85  5:48  Drone x2  
  91  5:55  Drone  
  92  5:57  Drone  
  92  5:58  Drone  
  92  5:59  Drone  
  92  6:00  Drone  
  92  6:01  Drone  
  92  6:03  Extractor, Hatchery  
  95  6:04  Extractor  
  95  6:06  Centrifical Hooks  
  95  6:07  Overlord  
  94  6:12  Zergling x8  
  94  6:15  Overlord  
  98  6:25  Overlord  
  98  6:28  Spire  
  98  6:31  Zergling x18  
  98  6:32  Baneling  
  106  6:33  Baneling x3  
  106  6:37  Zergling x2  
  106  6:39  Overlord  
  107  6:40  Zergling x2  
  107  6:41  Zergling x4  
  107  6:42  Baneling x5  
  107  6:46  Zergling x2  
  111  6:53  Zergling x6  
  114  6:57  Overlord  
  103  7:13  Zergling x18  
  94  7:18  Zergling x2  
  94  7:19  Zergling x8  
  95  7:24  Zergling x2  
  95  7:25  Zergling x10  
  102  7:36  Hatchery  
Tags
 
Add a new tag
Caveats
  • Supply blocks, unpowered buildings, or Contaminate may cause inaccurate times.
  • Supply counts are checked every 10 seconds.